 Dungeon Crawl Stone Soup version 0.30.0-11-gf55b779eaf (webtiles) character file.

Game seed: 720768257697574920

1793 rundlesten the Cleaver (level 8, -13/91 (96) HPs)
             Began as a Minotaur Berserker on May 17, 2023.
             Was an Elder of Trog.
             Killed from afar by Maggie (21 damage)
             ... with a bolt of fire
             ... on level 6 of the Dungeon.
             The game lasted 00:36:53 (5560 turns).

rundlesten the Cleaver (Minotaur Berserker)         Turns: 5560, Time: 00:36:54

HP:   -13/91 (96)   AC: 12    Str: 22    XL:     8   Next: 82%
MP:   0/7           EV:  9    Int:  4    God:    Trog [****..]
Gold: 348           SH:  0    Dex: 18    Spells: 7/7 levels left

rFire   . . .        v - +0 war axe
rCold   . . .        (no shield)
rNeg    . . .        c - +1 chain mail
rPois   .            (helmet restricted)
rElec   .            o - +0 cloak
rCorr   .            (no gloves)
SInv    .            k - +0 pair of boots
Will    ++...        a - amulet of guardian spirit Stlth
                     j - +6 ring of dexterity
HPRegen 1.35/turn    (no ring)
MPRegen 0.10/turn

%: guardian spirit
@: berserking, strong-willed, regenerating, lightly drained, very quick
A: horns 2, retaliatory headbutt
a: Renounce Religion, Berserk, Trog's Hand, Brothers in Arms


You were on level 6 of the Dungeon.
You worshipped Trog.
Trog was greatly pleased with you.
You visited 1 branch of the dungeon, and saw 6 of its levels.
You also visited: Sewer.

You collected 348 gold pieces.

Inventory:

Hand Weapons
 l - a +0 sling
 v - a +0 war axe (weapon)
 B - the +5 woodcutter's axe
   (You found it on level 5 of the Dungeon)
Missiles
 e - 15 poisoned darts (quivered)
 h - 23 stones
 y - 5 silver javelins
Armour
 c - a +1 chain mail (worn)
 k - a +0 pair of boots (worn)
 o - a +0 cloak (worn)
 r - a +0 buckler
 t - a scarf of invisibility
Jewellery
 a - an amulet of guardian spirit (around neck)
 j - a +6 ring of dexterity (left hand)
Wands
 x - a wand of light (3)
 z - a wand of mindburst (10)
Scrolls
 b - 5 scrolls of magic mapping
 d - a scroll of torment {unknown}
 i - a scroll of enchant armour
 q - 3 scrolls of teleportation {unknown}
 s - 3 scrolls of vulnerability
 w - 2 scrolls of blinking
 A - a scroll of amnesia {unknown}
Potions
 f - a potion of brilliance {unknown}
 g - a potion of lignification {unknown}
 m - a potion of heal wounds
 n - a potion of might
 p - a potion of curing {unknown}
 u - a potion of invisibility {unknown}


   Skills:
 - Level 3.6 Fighting
 + Level 13.9 Axes
 - Level 2.4 Armour
 - Level 2.1 Dodging


You had 7 spell levels left.
You didn't know any spells.
Your spell library was empty.

Dungeon Overview and Level Annotations

Branches:
Dungeon (6/15)             Temple (0/1) D:4           Sewer (visited)

Altars:
Ashenzari
Dithmenos
Qazlal
Trog
Xom
Yredelemnul

Shops:
D:6 =

Annotations:
D:6 Maggie


Innate Abilities, Weirdness & Mutations

You have a pair of horns on your head.
You reflexively headbutt those who attack you in melee.


Message History

Found Heollac's One-of-a-Kind Rings.
Maggie shouts!
Found a stone staircase leading down.
Maggie barely misses you.
Maggie points at you and mumbles some strange words.
The bolt of fire hits you!!
You closely miss Maggie. Maggie gestures at you while chanting.
The bolt of fire hits you!
You slash Maggie! You headbutt Maggie.
Maggie is moderately wounded.
Maggie hits you with a +3 halberd of flaming.
Maggie burns you.
Your skin crawls.
You feel strong-willed.
Maggie hits you with a +3 halberd of flaming!
* * * LOW HITPOINT WARNING * * *
Maggie burns you.
* * * LOW HITPOINT WARNING * * *
A red film seems to cover your vision as you go berserk!
You feel yourself moving faster!
You feel mighty!
Maggie hits you with a +3 halberd of flaming.
* * * LOW HITPOINT WARNING * * *
Maggie burns you.
* * * LOW HITPOINT WARNING * * *
You barely miss Maggie.
Maggie is moderately wounded.
You barely miss Maggie. Your headbutt misses Maggie.
Maggie is moderately wounded.
Maggie hits you with a +3 halberd of flaming!
* * * LOW HITPOINT WARNING * * *
Maggie burns you.
* * * LOW HITPOINT WARNING * * *
You barely miss Maggie. Your headbutt misses Maggie.
Maggie is moderately wounded.
You slash Maggie! Your headbutt misses Maggie.
Maggie is heavily wounded.
Maggie casts a spell at you. The bolt of fire hits you!!
You die...

... >#
#..### .#
#.#... .#
#.... #.#
#..∩. ..#
#.... #.#
#...####.#
###@@...#
#...##..#
###
#.#.##..#
#..
...#.##..#
#.# ###
#.....# #.#
#####.#
#.#######
#.#
#.......#
#.#
###.......#
##.###


You could see Maggie.

Vanquished Creatures
  Sigmund (D:3)
  A sky beast (D:6)
  2 black bears (D:5)
  An ogre (D:5)
  3 centaurs
  A phantom (D:5)
  2 bullfrogs (Sewer)
  5 scorpions
  An orc priest (D:3)
  A jelly (D:5)
  3 hounds
  2 iguanas
  Natasha (thrice) (D:4)
  4 gnolls (D:4)
  9 adders
  An ufetubus (D:5)
  3 worms
  3 dart slugs (D:1)
  7 orcs
  17 ball pythons
  6 bats
  11 endoplasms
  12 giant cockroaches
  4 goblins
  4 hobgoblins
  3 jackals (D:5)
  6 kobolds
  20 quokkas
  10 frilled lizards
  23 rats
169 creatures vanquished.

Notes
Turn   | Place    | Note
-------+----------+-------------------------------------------
     0 | D:1      | rundlesten the Minotaur Berserker began the quest for the
                  | Orb.
     0 | D:1      | Reached XP level 1. HP: 19/19 MP: 0/0
   133 | D:1      | Reached skill level 4 in Axes
   150 | D:1      | Reached XP level 2. HP: 26/26 MP: 1/1
   481 | D:1      | Reached skill level 5 in Axes
   513 | D:1      | Reached XP level 3. HP: 30/31 MP: 2/2
  1016 | D:2      | Reached ** piety under Trog
  1026 | D:2      | Found a faded altar of an unknown god.
  1937 | D:3      | Reached XP level 4. HP: 29/39 MP: 3/3
  1942 | D:3      | Reached skill level 6 in Axes
  2388 | D:3      | Noticed Sigmund
  2417 | D:3      | Killed Sigmund
  2418 | D:3      | Reached skill level 8 in Axes
  2418 | D:3      | Reached XP level 5. HP: 24/45 MP: 4/4
  2418 | D:3      | Reached XP level 6. HP: 27/51 MP: 5/5
  2880 | D:4      | Found a broken altar of Ashenzari.
  2905 | D:4      | Found a glowing drain.
  2934 | Sewer    | Entered a sewer
  2995 | Sewer    | Reached *** piety under Trog
  3224 | Sewer    | Reached skill level 9 in Axes
  3335 | D:4      | Found a staircase to the Ecumenical Temple.
  3396 | D:4      | Reached XP level 7. HP: 55/57 MP: 6/6
  3416 | D:4      | Noticed Natasha
  3425 | D:4      | Killed Natasha
  3612 | D:4      | Reached skill level 10 in Axes
  3754 | D:4      | Noticed Natasha
  3791 | D:4      | Killed Natasha
  3796 | D:4      | Reached **** piety under Trog
  3996 | D:4      | Noticed Natasha
  4002 | D:4      | Killed Natasha
  4100 | D:5      | Entered Level 5 of the Dungeon
  4198 | D:5      | Reached skill level 11 in Axes
  4332 | D:5      | Found the +5 woodcutter's axe
  4336 | D:5      | Found a bloodstained altar of Trog.
  4346 | D:5      | Reached XP level 8. HP: 64/64 MP: 7/7
  4500 | D:5      | Reached skill level 12 in Axes
  4876 | D:5      | Found a shadowy altar of Dithmenos.
  4876 | D:5      | Found a faded altar of an unknown god.
  4884 | D:5      | Found a basalt altar of Yredelemnul.
  4887 | D:5      | Found a stormy altar of Qazlal.
  4889 | D:5      | Found a shimmering altar of Xom.
  5088 | D:6      | Reached skill level 13 in Axes
  5545 | D:6      | Found Heollac's One-of-a-Kind Rings.
  5545 | D:6      | Noticed Maggie
  5560 | D:6      | Killed from afar by Maggie

Illustrated notes

Levels and vault maps discovered:
D:1:      dpeg_arrival_erosion, layout_basic
D:2:      layout_loops_cross, chequers_ecumenical_altar_island,
          skrybe_limestone_x, minmay_door_square, nicolae_titane
D:3:      layout_basic, chequers_hall_statues_wall_a, st_stairs_5, uniq_sigmund
D:4:      layout_cave_pools, lemuel_crystal_altar,
          minmay_temple_entry_glassed_door, cheibrodos_sewer_entry_drain,
          chequers_serial_rivers_micro_c, st_stairs_2, minmay_rat_hole,
          uniq_natasha
D:5:      layout_layer_cave, mainiacjoe_overflow_paths,
          chequers_temple_overflow_minitemple
D:6:      layout_basic, kennysheep_mini_moat, nicolae_shop_unique_rings,
          uniq_maggie

Skill      XL: |  1  2  3  4  5  6  7  8 |
---------------+-------------------------+-----
Axes           | 4 5 8 9 11 13 | 13.9
Fighting       | |  3.6
Armour         | |  2.4
Dodging        | |  2.1

Action                     |  1- 3 |  4- 6 |  7- 9 || total
---------------------------+-------+-------+-------++-------
  Melee: Hand axe          |    87 |    43 |       ||   130
         Headbutt          |    12 |    19 |    19 ||    50
         Punch             |     1 |     1 |     2 ||     4
         War axe           |       |   108 |   142 ||   250
 Invoke: Berserk           |       |       |     4 ||     4
         Trog's Hand       |       |       |     4 ||     4
    Use: Scroll            |     1 |     2 |     3 ||     6
         Potion            |       |       |     2 ||     2
 Armour: Chain mail        |    53 |   111 |   103 ||   267
         Animal skin       |     1 |       |       ||     1
  Dodge: Dodged            |    37 |    87 |    79 ||   203
